 Dungeon Crawl Stone Soup version 0.20.1-1-g8b1a95d (webtiles) character file.

11131 Tobsen the Cleaver (level 11, -2/102 HPs)
             Began as a Minotaur Berserker on Aug 29, 2017.
             Was a High Priest of Trog.
             Killed from afar by a lava snake (5 damage)
             ... with a glob of lava
             ... in a volcano on Aug 30, 2017.
             The game lasted 00:58:39 (7290 turns).

Tobsen the Cleaver (Minotaur Berserker)             Turns: 7290, Time: 00:58:39

Health: -2/102     AC: 13    Str: 22    XL:     11   Next: 45%
Magic:  10/10      EV:  8    Int:  6    God:    Trog [*****.]
Gold:   370        SH:  9    Dex: 15    Spells: 10/10 levels left

rFire    . . .     SeeInvis +   t - +2 hand axe (flame)
rCold    . . .     Gourm    .   F - +0 shield
rNeg     . . .     Faith    .   K - +0 chain mail
rPois    .         Spirit   .   (helmet restricted)
rElec    .         Reflect  .   (no cloak)
rCorr    .         Harm     .   (no gloves)
MR       +....     Clarity  +   E - +0 pair of boots
Stlth    ..........             (no amulet)
Regen    0.3/turn               v - ring of see invisible
MPRegen  0.2/turn               y - ring of protection from magic

@: no status effects
A: retaliatory headbutt, hooves 1, horns 2, agile 1, clarity, clever 1
a: Berserk, Trog's Hand, Brothers in Arms, Burn Spellbooks, Renounce Religion


You were in a volcano.
You worshipped Trog.
Trog was extremely pleased with you.
You were not hungry.

You visited 2 branches of the dungeon, and saw 10 of its levels.
You also visited: Volcano.

You collected 622 gold pieces.
You spent 252 gold pieces at shops.

Inventory:

Hand Weapons
 k - a +1 hand axe of flaming
 t - a +2 hand axe of flaming (weapon)
 A - a +1 hand axe of chopping
 N - a +0 war axe
Armour
 E - a +0 pair of boots (worn)
 F - a +0 shield (worn)
 K - a +0 chain mail (worn)
Jewellery
 d - an uncursed ring of positive energy
 v - a ring of see invisible (left hand)
 y - a ring of protection from magic (right hand)
Wands
 e - a wand of disintegration (11/24)
 r - a wand of paralysis (14/24)
 u - a wand of random effects (18/48)
Scrolls
 b - a scroll of torment {unknown}
 h - 2 scrolls of immolation {unknown}
 i - 2 scrolls of recharging {unknown}
 l - 4 scrolls of remove curse
 m - 3 scrolls of amnesia {unknown}
 o - 2 scrolls of enchant armour {unknown}
 q - 2 scrolls of magic mapping {unknown}
 w - a scroll of fear {unknown}
 B - 3 scrolls of enchant weapon {unknown}
 D - a scroll of noise {unknown}
 G - 5 scrolls of teleportation {unknown}
 H - a scroll of fog {unknown}
 J - 2 scrolls of blinking {unknown}
 L - a scroll of acquirement {unknown}
Potions
 a - a potion of mutation
 g - a potion of resistance
 n - a potion of lignification
 p - 5 potions of curing
 s - a potion of flight
 x - 5 potions of heal wounds
 C - 3 potions of brilliance
 I - a potion of magic {unknown}
 M - a potion of haste {unknown}
Comestibles
 c - 5 bread rations
 f - a royal jelly
 j - 2 meat rations
 z - 6 fruits


   Skills:
 + Level 11.0 Fighting
 + Level 13.5 Axes
 + Level 11.9 Armour
 + Level 5.0 Dodging
 + Level 2.1 Stealth
 + Level 2.2 Shields


You had 10 spell levels left.
You didn't know any spells.

Dungeon Overview and Level Annotations

Branches:
Dungeon (8/15)             Temple (0/1) D:5            Lair (2/6) D:8
  Snake (0/4) Lair:2
  Swamp: Lair:2-4    Shoals: Lair:2-4

Altars:
Ashenzari
Nemelex Xobeh
Okawaru
Qazlal

Shops:
D:7 *   D:8 *


Innate Abilities, Weirdness & Mutations

You reflexively headbutt those who attack you in melee.
You have a pair of horns on your head.
You have large cloven feet.
You are agile. (Dex +2)
You possess an exceptional clarity of mind.
Your mind is acute. (Int +2)


Message History

The lava snake spits lava at you. You block the glob of lava.
You hit the lava snake.
The lava snake is lightly wounded.
The lava snake barely misses you.
You closely miss the lava snake. You headbutt the lava snake.
The lava snake is moderately wounded.
You block the lava snake's attack.
You hit the lava snake but do no damage.
Your headbutt misses the lava snake.
The lava snake is moderately wounded.
You miss the lava snake.
The lava snake is moderately wounded.
The lava snake closely misses you. You furiously retaliate!
You headbutt the lava snake, but do no damage.
You slash the lava snake! Your headbutt misses the lava snake.
The lava snake is almost dead.
The lava snake spits lava at you. The glob of lava hits you!
You die...

# ## ### #.#.# ######
###.## .....##....###
#....###
.#.#....#.##.#####.##.##
.......................#
....................§§..
......§@...........§§§..
≈≈≈≈≈§§S≈§≈≈≈≈≈≈≈≈..§...
≈≈§≈≈≈§§§§§§§≈≈≈≈≈≈§§§..
≈§≈≈≈≈≈≈§§§§≈≈≈≈§≈≈§≈§≈.
≈≈≈≈≈§≈≈≈≈§≈§§≈§≈≈≈≈≈§≈≈
≈≈≈≈§§≈≈§§§§§≈§≈§§§§≈§≈≈
≈≈≈≈§§§≈≈≈§§§§≈§§≈≈§≈≈≈§
≈≈≈≈≈≈≈§≈§≈§§≈≈ §≈§§ §§§


You could see a lava snake.

Vanquished Creatures
  Erica (D:8)
  2 two-headed ogres (D:8)
  3 elephants (Lair:1)
  A black mamba (Lair:2)
  3 spiny frogs
  2 komodo dragons (Lair:1)
  A rime drake (Lair:1)
  Prince Ribbit (D:7)
  Sigmund (D:6)
  4 yaks (Lair:2)
  A fire bat (Volcano)
  A steam dragon (D:7)
  4 nagas (Lair:2)
  3 water moccasins (Lair:1)
  3 porcupines
  4 orc warriors
  An ice beast (D:5)
  6 ogres
  2 phantoms
  3 centaurs
  3 crocodiles
  A big kobold (D:8)
  7 bullfrogs
  A scorpion (D:8)
  A water moccasin skeleton (D:7)
  8 killer bees
  3 wights (D:8)
  3 howler monkeys (D:8)
  5 crimson imps
  A centaur zombie (D:7)
  A lava snake (Volcano)
  7 hounds
  A jelly (D:7)
  2 orc priests
  3 iguanas
  10 orc wizards
  3 worker ants
  Robin (D:4)
  7 gnolls
  7 adders
  2 shadow imps (D:5)
  2 adder skeletons
  2 worms (D:3)
  A dart slug (D:2)
  8 leopard geckos
  17 orcs
  2 giant cockroaches
  17 goblins
  8 hobgoblins
  8 jackals
  13 kobolds
  2 quokkas
  2 ball pythons
  5 bats
  5 frilled lizards
  6 rats
  4 fungi (D:8)
  A plant (D:8)
227 creatures vanquished.

Vanquished Creatures (others)
  2 fungi (D:8)
2 creatures vanquished.

Grand Total: 229 creatures vanquished

Notes
Turn   | Place    | Note
-------+----------+-------------------------------------------
     0 | D:1      | Tobsen the Minotaur Berserker began the quest for the Orb.
     0 | D:1      | Reached XP level 1. HP: 19/19 MP: 0/0
    65 | D:1      | Reached XP level 2. HP: 4/27 MP: 1/1
   101 | D:1      | Reached skill level 4 in Axes
   460 | D:1      | Reached ** piety under Trog
   660 | D:1      | Reached XP level 3. HP: 32/33 MP: 2/2
   955 | D:2      | Found a faded altar of an unknown god.
  1028 | D:2      | Reached XP level 4. HP: 40/40 MP: 3/3
  1341 | D:3      | Reached skill level 5 in Axes
  1544 | D:3      | Found an iron altar of Okawaru.
  1575 | D:3      | Reached *** piety under Trog
  2015 | D:4      | Reached XP level 5. HP: 45/47 MP: 4/4
  2204 | D:4      | Noticed an ogre
  2217 | D:4      | Reached XP level 6. HP: 53/53 MP: 5/5
  2223 | D:4      | Reached skill level 6 in Axes
  2223 | D:4      | Reached skill level 5 in Armour
  2350 | D:4      | Reached skill level 5 in Fighting
  2350 | D:4      | Reached XP level 7. HP: 26/61 MP: 6/6
  2428 | D:4      | Reached skill level 7 in Axes
  2625 | D:4      | Noticed Robin
  2646 | D:4      | Killed Robin
  2922 | D:5      | Entered Level 5 of the Dungeon
  2925 | D:5      | Reached **** piety under Trog
  3032 | D:5      | Found a shattered altar of Ashenzari.
  3098 | D:5      | Reached skill level 8 in Axes
  3098 | D:5      | Reached XP level 8. HP: 64/70 MP: 7/7
  3329 | D:5      | Gained mutation: You tend to lose your temper in combat. [potion of mutation]
  3329 | D:5      | Gained mutation: You are agile. (Dex +2) [potion of mutation]
  3329 | D:5      | Gained mutation: You are partially covered in yellow scales. (AC +2) [potion of mutation]
  3331 | D:5      | Lost mutation: You tend to lose your temper in combat. [potion of mutation]
  3331 | D:5      | Lost mutation: You are agile. (Dex +2) [potion of mutation]
  3331 | D:5      | Lost mutation: You are partially covered in yellow scales. (AC +2) [potion of mutation]
  3331 | D:5      | Gained mutation: Your muscles are strong. (Str +2) [potion of mutation]
  3331 | D:5      | Gained mutation: You have a beak for a mouth. [potion of mutation]
  3409 | D:5      | Found a sparkling altar of Nemelex Xobeh.
  3531 | D:5      | Found a staircase to the Ecumenical Temple.
  3586 | D:6      | Reached skill level 9 in Axes
  3590 | D:6      | Noticed Sigmund
  3599 | D:6      | Killed Sigmund
  3599 | D:6      | Reached skill level 1 in Stealth
  4278 | D:7      | Noticed Prince Ribbit
  4285 | D:7      | Killed Prince Ribbit
  4285 | D:7      | Reached skill level 10 in Axes
  4285 | D:7      | Reached XP level 9. HP: 79/79 MP: 8/8
  4385 | D:7      | Found Leweupon's General Store.
  4389 | D:7      | Bought a +2 scale mail of positive energy for 252 gold pieces
  4529 | D:7      | Reached ***** piety under Trog
  4917 | D:8      | Reached skill level 11 in Axes
  4963 | D:8      | Received a gift from Trog
  4980 | D:8      | Found a staircase to the Lair.
  5257 | D:8      | Noticed a two-headed ogre
  5260 | D:8      | Noticed Erica
  5279 | D:8      | HP: 3/123 [two-headed ogre/giant club (5)]
  5283 | D:8      | Killed a two-headed ogre
  5283 | D:8      | Reached XP level 10. HP: 3/91 MP: 9/9
  5285 | D:8      | Reached skill level 10 in Armour
  5287 | D:8      | HP: 3/136 [poisoned by Erica (bolt of poison)]
  5292 | D:8      | Reached skill level 12 in Axes
  5294 | D:8      | HP: 3/136 [poisoned by Erica (bolt of poison)]
  5297 | D:8      | Killed Erica
  5397 | D:8      | Noticed a two-headed ogre
  5405 | D:8      | Killed a two-headed ogre
  5509 | D:8      | Found Zownymum's Assorted Antiques.
  5560 | D:8      | Found a stormy altar of Qazlal.
  5759 | Lair:1   | Entered Level 1 of the Lair of Beasts
  5824 | Lair:1   | Reached skill level 10 in Fighting
  6001 | Lair:1   | Lost mutation: Your muscles are strong. (Str +2) [potion of mutation]
  6001 | Lair:1   | Lost mutation: You have a beak for a mouth. [potion of mutation]
  6001 | Lair:1   | Gained mutation: You have large cloven feet. [potion of mutation]
  6001 | Lair:1   | Gained mutation: Your mind is acute. (Int +2) [potion of mutation]
  6001 | Lair:1   | Gained mutation: You possess an exceptional clarity of mind. [potion of mutation]
  6001 | Lair:1   | Gained mutation: You are agile. (Dex +2) [potion of mutation]
  6046 | Lair:1   | Noticed a spiny frog
  6055 | Lair:1   | Killed a spiny frog
  6067 | Lair:1   | HP: 4/93 [poisoned by a spiny frog]
  6072 | Lair:1   | HP: 2/93 [poisoned by a spiny frog]
  6077 | Lair:1   | HP: 2/93 [poisoned by a spiny frog]
  6082 | Lair:1   | HP: 2/93 [poisoned by a spiny frog]
  6398 | Lair:1   | Reached skill level 13 in Axes
  6545 | Lair:1   | Reached XP level 11. HP: 69/100 MP: 10/10
  6641 | Lair:1   | Reached skill level 1 in Shields
  6950 | Lair:2   | Found a staircase to the Snake Pit.
  6961 | Lair:2   | Received a gift from Trog
  7071 | Lair:2   | Reached skill level 5 in Dodging
  7104 | Lair:2   | Found a dark tunnel.
  7123 | Volcano  | Entered a volcano
  7198 | Volcano  | HP: 1/102 [something (24)]
  7282 | Volcano  | HP: 1/102 [lava snake/glob of lava (25)]
  7290 | Volcano  | Killed from afar by a lava snake

Skill      XL: |  1  2  3  4  5  6  7  8  9 10 11 |
---------------+----------------------------------+-----
Axes           | 4 5 6 8 10 11 13 | 13.5
Fighting       | 4 5 7 9 10 11 | 11.0
Armour         | 3 4 5 6 8 9 11 | 11.9
Dodging        | 3 4 5 |  5.0
Stealth        | 1 2 |  2.1
Shields        | 2 |  2.2

Action                   |  1- 3 |  4- 6 |  7- 9 | 10-12 || total
-------------------------+-------+-------+-------+-------++-------
Melee: Hand axe          |    75 |    83 |   291 |   173 ||   622
       Headbutt          |     6 |    18 |    68 |    50 ||   142
       Peck              |       |       |    50 |    15 ||    65
Invok: Berserk           |     1 |     1 |     5 |     5 ||    12
       Burn Spellbooks   |       |       |     1 |     1 ||     2
  Use: Scroll            |       |       |     8 |       ||     8
       Potion            |       |       |     3 |     3 ||     6
  Eat: Chunk             |       |     5 |     4 |       ||     9
       Meat ration       |       |     1 |     1 |     3 ||     5
Armor: Animal skin       |     2 |       |       |       ||     2
       Chain mail        |    32 |    31 |    87 |    48 ||   198
Dodge: Dodged            |    36 |    37 |   114 |    62 ||   249
Block: Shield            |       |       |       |    43 ||    43
